 Dungeon Crawl Stone Soup version 0.25-a0-647-gd602d06ee1 (webtiles) character file.

Game seed: 58311162390265523, levelgen mode: deterministic

6286 jt the Thaumaturge (level 10, -10/50 HPs)
             Began as a Deep Elf Ice Elementalist on Mar 21, 2020.
             Was a Priest of Sif Muna.
             Killed by refrigeration
             ... invoked by Fannar
              (18 damage)
             ... on level 10 of the Dungeon.
             The game lasted 00:40:23 (11246 turns).

jt the Thaumaturge (Deep Elf Ice Elementalist)     Turns: 11246, Time: 00:40:24

Health: -10/50     AC:  7    Str:  5 (6)  XL:     10   Next: 63%
Magic:  32/37      EV: 11    Int: 22 (23) God:    Sif Muna [***...]
Gold:   593        SH:  5    Dex: 13 (15) Spells: 20/34 levels left

rFire    + . .     SeeInvis .   a - +2 dagger (vamp)
rCold    . . .     Gourm    .   d - +0 buckler
rNeg     . . .     Faith    .   z - +2 leather armour {rF+}
rPois    .         Spirit   .   (no helmet)
rElec    .         Reflect  .   (no cloak)
rCorr    .         Harm     .   F - +1 pair of gloves
MR       ++...                  (no boots)
Stlth    ++........             (no amulet)
HPRegen  0.16/turn              C - ring of magical power
MPRegen  0.25/turn              B - ring of protection from magic

@: studying Armour
A: no striking features
a: Channel Magic, Forget Spell, Renounce Religion


You were on level 10 of the Dungeon.
You worshipped Sif Muna.
Sif Muna was most pleased with you.
You were not hungry.

You visited 2 branches of the dungeon, and saw 11 of its levels.

You collected 656 gold pieces.
You spent 63 gold pieces at shops.

Inventory:

Hand Weapons
 a - a +2 vampiric dagger (weapon)
 b - a +2 dagger of draining
 p - a +0 hunting sling
 v - a +0 trident
 J - a +1 dagger of chaos
 K - a +1 hand axe of flaming
 L - a cursed -1 mace
 Q - a +2 short sword of draining
 W - a +1 vorpal shortbow
Missiles
 f - 407 stones (quivered)
 k - a throwing net
 o - 178 arrows
 D - 17 poisoned darts
 H - 87 bolts
 M - 10 boomerangs
 V - 3 silver boomerangs
Armour
 d - a +0 buckler (worn)
 z - a +2 leather armour of fire resistance (worn)
 F - a +1 pair of gloves (worn)
 S - a +3 leather armour
Magical Staves
 P - an uncursed staff of earth
Jewellery
 n - a +2 ring of evasion
 u - a +4 ring of dexterity
 B - a ring of protection from magic (right hand)
 C - a ring of magical power (left hand)
 Z - an uncursed ring of fire
Wands
 l - a wand of acid (4)
 q - a wand of iceblast (9)
 t - a wand of polymorph (5)
 E - a wand of random effects (8)
 I - a wand of flame (39)
 N - a wand of paralysis (8)
Scrolls
 g - 4 scrolls of remove curse
 h - 6 scrolls of identify
 m - 7 scrolls of teleportation
 y - 2 scrolls of enchant weapon
 Y - a scroll of blinking
Potions
 e - a potion of ambrosia
 i - a potion of cancellation
 s - 3 potions of stabbing
 w - 3 potions of might
 A - 3 potions of mutation
 G - 3 potions of invisibility
 U - a potion of curing
Books
 r - a manual of Armour
Comestibles
 c - 14 rations
 j - a chunk of flesh


   Skills:
 - Level 2.1 Armour
 - Level 2.4 Dodging
 + Level 4.3 Stealth
 * Level 3.6 Shields
 + Level 12.6 Spellcasting
 - Level 4.0 Summonings
 + Level 11.4 Ice Magic
 - Level 5.0 Evocations


You had 20 spell levels left.
You knew the following spells:

 Your Spells              Type           Power        Failure   Level  Hunger
a - Freeze                Ice            ####         1%          1    None
b - Frozen Ramparts       Ice            ######       1%          3    None
c - Hailstorm             Conj/Ice       #####...     8%          4    None
d - Summon Ice Beast      Ice/Summ       #####...     3%          4    None
e - Ensorcelled Hibernat  Hex/Ice        #####.       1%          2    None

Your spell library contained the following spells:

 Spells                   Type           Power        Failure   Level  Hunger
 Summon Small Mammal      Summ           ####         1%          1    None
 Call Imp                 Summ           ####....     2%          2    None
 Ozocubu's Armour         Chrm/Ice       #####...     2%          3    None
 Call Canine Familiar     Summ           ####....     4%          3    None
 Corona                   Hex            ##.....      8%          1    None
 Sandblast                Erth           ##....       8%          1    None
 Summon Guardian Golem    Hex/Summ       ###.....     10%         3    None
 Passwall                 Tmut/Erth      ##......     12%         2    None
 Confusing Touch          Hex            ##......     22%         3    None
 Dazzling Flash           Conj/Hex       ##....       22%         3    None
 Stone Arrow              Conj/Erth      ##....       22%         3    None
 Tukima's Dance           Hex            ##......     22%         3    None
 Summon Lightning Spire   Summ/Air       ###.....     32%         4    None
 Petrify                  Tmut/Erth      ##......     58%         4    None
 Lee's Rapid Deconstruct  Erth           ##........   91%         5    ####...


Dungeon Overview and Level Annotations

Branches:
Dungeon (10/15)            Temple (1/1) D:7            Lair (0/6) D:9
    Orc (0/2) D:10

Altars:
Ashenzari
Makhleb
Qazlal
Sif Muna
Trog
Vehumet
Xom
Zin

Shops:
D:4 [

Annotations:
D:7 2 transporters, XanderDroid's ghost, novice GrEE
D:10 Fannar


Message History

Here: Fannar, wielding a staff of cold and wearing a +1 robe of cold resistance (lightly wounded, unusually strong, covered in an icy film, encased in ice)
The floor.
Evoke which item? (* to show all) (? for menu, Esc to quit)
Okay, then.
The walls release a blast of icicles at the bullfrog zombie!
The bullfrog zombie partially resists.
The bullfrog zombie is encased in ice.
The walls release a blast of icicles at Fannar!
Fannar partially resists.
Fannar mumbles some strange words.
Fannar drains the heat from the surrounding environment!
You feel very cold.
* * * LOW HITPOINT WARNING * * *
Fannar is frozen.
Fannar resists.
Your ice beast hits Fannar but does no damage.
You feel better.
The frozen ramparts melt away.
Fannar is no longer encased in ice.
Fannar casts a spell.
Fannar drains the heat from the surrounding environment!
You feel very cold.
You die...

##'####### #.# #.######
#.# #...[..# ..#
#######)## .# #........#
########+## #.....>..#
#..........
+........#####..........
#......<.##..'..........
#......@.##.##..........
#........'..##....[.....
#........#####..........
#........# #.).)......
#........# #...>>.....
####Y##### #######+###
#e#### #Z.e.# ####Z#


You could see Fannar, a bullfrog zombie and a friendly ice beast.

Vanquished Creatures
  An unseen horror (D:10)
  A merfolk (D:9)
  A hippogriff (D:8)
  8 yaks
  2 wargs (D:10)
  2 water moccasins
  3 orc warriors
  2 sky beasts (D:6)
  2 phantoms
  A centaur (D:6)
  5 ogres
  A big kobold (D:7)
  2 bullfrogs
  A gnoll sergeant (D:9)
  4 scorpions
  4 killer bees (D:4)
  4 wights (D:6)
  6 howler monkeys
  2 centaur zombies (D:10)
  3 crimson imps
  A bullfrog zombie (D:7)
  A quasit (D:3)
  4 orc priests
  3 jellies
  A bullfrog skeleton (D:5)
  5 hounds
  4 orc wizards
  An iguana (D:4)
  Terence (D:3)
  Jessica (D:2)
  Ijyb (D:3)
  5 worker ants
  A hound zombie (D:4)
  A worker ant zombie (D:6)
  2 hound skeletons
  5 gnolls (D:9)
  6 adders
  A shadow imp (D:9)
  An adder skeleton (D:3)
  4 worms
  2 dart slugs
  2 leopard geckos
  22 orcs
  6 giant cockroaches
  6 goblins
  9 hobgoblins
  21 jackals
  A quokka (D:2)
  A ball python (D:3)
  10 bats
  7 frilled lizards
  13 kobolds
  2 quokka skeletons
  9 rats
215 creatures vanquished.

Vanquished Creatures (collateral kills)
  A hippogriff (D:10)
  A yak (D:6)
  An orc warrior (D:9)
  A centaur (D:8)
  A big kobold (D:7)
  A bullfrog (D:9)
  A wight (D:6)
  A jelly (D:9)
  An orc wizard (D:7)
  4 orcs
  2 kobolds (D:7)
15 creatures vanquished.

Grand Total: 230 creatures vanquished

Notes
Turn   | Place    | Note
-------+----------+-------------------------------------------
     0 | D:1      | jt the Deep Elf Ice Elementalist began the quest for the
                  | Orb.
     0 | D:1      | Reached XP level 1. HP: 10/10 MP: 6/6
   176 | D:1      | Reached XP level 2. HP: 15/15 MP: 5/8
   883 | D:2      | Noticed Jessica
   904 | D:2      | Reached skill level 4 in Spellcasting
   969 | D:2      | Reached skill level 5 in Ice Magic
   969 | D:2      | Reached XP level 3. HP: 19/19 MP: 6/10
   996 | D:2      | Learned a level 3 spell: Frozen Ramparts
  1139 | D:2      | Killed Jessica
  1306 | D:2      | Reached XP level 4. HP: 19/24 MP: 8/12
  1943 | D:3      | Noticed Ijyb
  1946 | D:3      | Reached skill level 5 in Spellcasting
  1952 | D:3      | Killed Ijyb
  1952 | D:3      | Reached XP level 5. HP: 16/28 MP: 6/15
  1967 | D:3      | Learned a level 4 spell: Hailstorm
  1972 | D:3      | Learned a level 4 spell: Summon Ice Beast
  2092 | D:3      | Noticed Terence
  2103 | D:3      | Killed Terence
  2133 | D:3      | Reached skill level 1 in Evocations
  2520 | D:3      | Reached skill level 6 in Spellcasting
  2858 | D:3      | Reached XP level 6. HP: 32/32 MP: 12/17
  3381 | D:4      | Found Seoqe's Armour Emporium.
  3389 | D:4      | Bought a +0 pair of gloves for 63 gold pieces
  3487 | D:4      | Reached XP level 7. HP: 22/36 MP: 10/19
  3489 | D:4      | Reached skill level 7 in Spellcasting
  4139 | D:4      | Found a shimmering altar of Xom.
  4142 | D:4      | Found a burning altar of Makhleb.
  4376 | D:4      | Noticed a moth of wrath
  4425 | D:4      | Found a bloodstained altar of Trog.
  4652 | D:5      | Entered Level 5 of the Dungeon
  4865 | D:5      | Reached skill level 8 in Spellcasting
  4865 | D:5      | Reached XP level 8. HP: 23/41 MP: 16/22
  5406 | D:5      | Found a glowing silver altar of Zin.
  5803 | D:6      | Reached skill level 5 in Evocations
  6198 | D:6      | Reached skill level 9 in Spellcasting
  6207 | D:6      | Reached skill level 1 in Summonings
  6222 | D:6      | Reached XP level 9. HP: 45/45 MP: 11/24
  6236 | D:6      | Found a shimmering blue altar of Sif Muna.
  6236 | D:6      | Found a shattered altar of Ashenzari.
  6291 | D:6      | Became a worshipper of Sif Muna the Loreminder
  6461 | D:6      | Reached skill level 10 in Spellcasting
  7190 | D:6      | Found a stormy altar of Qazlal.
  7497 | D:7      | Reached * piety under Sif Muna
  7541 | D:7      | Reached skill level 11 in Spellcasting
  7541 | D:7      | Reached skill level 10 in Ice Magic
  7588 | D:7      | Noticed XanderDroid's ghost (novice GrEE)
  7592 | D:7      | Noticed a centaur warrior
  7609 | D:7      | Found a transporter.
  7626 | D:7      | Found a transporter.
  7881 | D:7      | Reached skill level 1 in Armour
  8058 | D:7      | Reached ** piety under Sif Muna
  8187 | D:7      | Found a staircase to the Ecumenical Temple.
  8199 | Temple   | Entered the Ecumenical Temple
  8843 | D:8      | Found a radiant altar of Vehumet.
  9156 | D:8      | Reached XP level 10. HP: 39/50 MP: 23/27
  9463 | D:9      | Reached skill level 12 in Spellcasting
  9685 | D:9      | Found a staircase to the Lair.
 10149 | D:9      | Reached skill level 1 in Shields
 10305 | D:9      | Learned a level 2 spell: Ensorcelled Hibernation
 10472 | D:10     | Entered Level 10 of the Dungeon
 10494 | D:10     | Killed an unseen horror
 10729 | D:10     | Found a staircase to the Orcish Mines.
 10844 | D:10     | Reached *** piety under Sif Muna
 11235 | D:10     | Noticed Fannar
 11245 | D:10     | HP: 1/50 [Fannar/refrigeration (22)]
 11246 | D:10     | Killed from afar by Fannar

Levels and vault maps discovered:
D:1:      minmay_arrival_split_and_join, layout_loops_ring,
          minmay_misc_feat_secret_circle, minmay_misc_feat_room
D:2:      layout_loops_ring, first_ration, uniq_jessica
D:3:      layout_rooms, uniq_ijyb, uniq_terence
D:4:      layout_loops_ring, grunt_temple_overflow_champion_of_chaos,
          serial_shops, shop, tgw_trog
D:5:      layout_basic, zin_academy
D:6:      layout_loops_corners, nicolae_qazlal_eye_of_the_storm,
          gammafunk_temple_overflow_elements, minmay_manual_mess
D:7:      layout_loops_corners, temple_green, gammafunk_ghost_arena
D:8:      layout_loops_ring, vehumet_altar_wand_db
D:9:      layout_basic, dpeg_oklobed_lair, hangedman_fish_farm, minivault_5
D:10:     layout_roguey, minmay_orc_entry_guard_dogs, uniq_fannar
Temple:   eino_temple_water

Skill      XL: |  1  2  3  4  5  6  7  8  9 10 |
---------------+-------------------------------+-----
Spellcasting   | 4 5 6 8 9 11 12 | 12.6
Ice Magic      | 5 6 7 9 10 11 | 11.4
Evocations     | 1 3 4 5 |  5.0
Summonings     | 3 4 |  4.0
Armour         | 2 |  2.1
Shields        | 3 |  3.6
Stealth        | 4 |  4.3
Dodging        | |  2.4

Action                   |  1- 3 |  4- 6 |  7- 9 | 10-12 || total
-------------------------+-------+-------+-------+-------++-------
Melee: Dagger            |    17 |    45 |    93 |    41 ||   196
       Trident           |       |       |       |     6 ||     6
Throw: Stone             |     3 |     1 |       |       ||     4
 Cast: Freeze            |    29 |    11 |    15 |     5 ||    60
       Frozen Ramparts   |     4 |    24 |    62 |    21 ||   111
       Summon Ice Beast  |       |     1 |    14 |    13 ||    28
       Hailstorm         |       |       |       |     7 ||     7
Evoke: Wand              |       |     1 |       |       ||     1
  Use: Scroll            |       |     2 |    14 |       ||    16
       Potion            |       |       |       |     9 ||     9
 Stab: Sleeping          |     6 |       |     4 |     1 ||    11
  Eat: Chunk             |     1 |     5 |    10 |     4 ||    20
       Ration            |       |     1 |     2 |     1 ||     4
Armor: Robe              |     7 |    13 |    13 |       ||    33
       Leather armour    |       |       |     7 |    14 ||    21
Dodge: Dodged            |    34 |    41 |    68 |    15 ||   158
Block: Buckler           |       |       |       |     6 ||     6

Table legend:
 A = Non-vault XP
 B = Vault XP
 C = Vault XP percentage of total XP
 D = Non-vault monster count
 E = Vault monster count
 F = Vault count percentage of total count
                 A         B        C        D         E       F
            +---------+---------+-------+---------+---------+-------
      Total |    8075 |     906 |  10.1 |     214 |      16 |   7.0
            +---------+---------+-------+---------+---------+-------
        D:1 |      31 |       0 |   0.0 |      19 |       0 |   0.0
        D:2 |      52 |      37 |  41.6 |      27 |       1 |   3.6
        D:3 |     321 |      73 |  18.5 |      26 |       2 |   7.1
        D:4 |     678 |      61 |   8.3 |      21 |       6 |  22.2
        D:5 |     388 |       0 |   0.0 |       9 |       0 |   0.0
        D:6 |    1832 |     194 |   9.6 |      29 |       3 |   9.4
        D:7 |    1139 |       0 |   0.0 |      34 |       0 |   0.0
        D:8 |     739 |       2 |   0.3 |      11 |       1 |   8.3
        D:9 |     785 |     218 |  21.7 |      25 |       1 |   3.8
       D:10 |    2110 |     321 |  13.2 |      13 |       2 |  13.3
            +---------+---------+-------+---------+---------+-------
